 Dungeon Crawl Stone Soup version 0.28-a0-1356-g2ad6d04315 (webtiles) character file.

Game seed: 1678452020181934599

126 karrick the Shield-Bearer (level 5, 0/47 HPs)
             Began as a Gnoll Fighter on Dec 31, 2021.
             Slain by an adder (3 damage)
             ... on level 2 of the Dungeon.
             The game lasted 00:02:47 (1084 turns).

karrick the Shield-Bearer (Gnoll Fighter)           Turns: 1084, Time: 00:02:47

Health: 0/47       AC:  7    Str: 15    XL:     5   Next: 10%
Magic:  5/7        EV:  9    Int: 10    God:
Gold:   83         SH:  5    Dex: 11    Spells: 6/6 levels left

rFire   + . .      SeeInvis .   h - +1 short sword (venom)
rCold   + . .      Faith    .   c - +0 buckler
rNeg    . . .      Spirit   .   b - +0 scale mail
rPois   +          Reflect  .   (no helmet)
rElec   +          Harm     .   (no cloak)
rCorr   +          Rampage  .   (no gloves)
Will    .....                   (no boots)
Stlth   ..........              (no amulet)
HPRegen 0.15/turn               (no ring)
MPRegen 0.10/turn               (no ring)

@: lethally poisoned (0 -> -6), resistant
A: fangs 1, strong nose, distributed training
a: no special abilities


You were on level 2 of the Dungeon.
You visited 1 branch of the dungeon, and saw 2 of its levels.

You collected 83 gold pieces.

Inventory:

Hand Weapons
 a - a +0 war axe
 h - a +1 short sword of venom (weapon)
Armour
 b - a +0 scale mail (worn)
 c - a +0 buckler (worn)
Scrolls
 f - 3 scrolls of identify {unknown}
 i - a scroll of immolation {unknown}
 j - a scroll of acquirement {unknown}
Potions
 d - a potion of might
 g - a potion of lignification {unknown}


   Skills:
 + Level 6.6 Fighting
 + Level 1.3 Short Blades
 + Level 1.3 Long Blades
 + Level 4.7 Axes
 + Level 1.3 Maces & Flails
 + Level 1.3 Polearms
 + Level 1.3 Staves
 + Level 1.3 Slings
 + Level 1.3 Bows
 + Level 1.3 Crossbows
 + Level 1.3 Throwing
 + Level 6.6 Armour
 + Level 1.3 Dodging
 + Level 1.3 Stealth
 + Level 6.6 Shields
 + Level 1.3 Unarmed Combat
 + Level 1.3 Spellcasting
 + Level 1.1 Conjurations
 + Level 1.1 Hexes
 + Level 1.1 Summonings
 + Level 1.1 Necromancy
 + Level 1.1 Translocations
 + Level 1.1 Transmutations
 + Level 1.1 Fire Magic
 + Level 1.1 Ice Magic
 + Level 1.1 Air Magic
 + Level 1.1 Earth Magic
 + Level 1.1 Poison Magic
 + Level 1.5 Invocations
 + Level 1.3 Evocations


You had 6 spell levels left.
You didn't know any spells.
Your spell library was empty.

Dungeon Overview and Level Annotations

Branches:
Dungeon (2/15)

Altars:


Innate Abilities, Weirdness & Mutations

You have very sharp teeth.
Your uncanny sense of smell can sniff out nearby items.
Your experience applies equally to all skills.


Message History

Your Air Magic skill increases to level 1!
Your Earth Magic skill increases to level 1!
Your Poison Magic skill increases to level 1!
Your Evocations skill increases to level 1!
You have reached level 4!
You feel clever.
You have reached level 5!
Unknown command.
Unknown command.
You miss the adder. You bite the adder.
The adder is lightly wounded.
The adder bites you but does no damage. The adder barely misses you.
You hit the adder.
The adder is poisoned.
The adder is lightly wounded.
The adder bites you but does no damage.
You miss the adder.
The adder is lightly wounded.
The adder bites you but does no damage. The adder closely misses you.
Your scale mail prevents you from hitting the adder.
The adder is lightly wounded.
You block the adder's attack.
You barely miss the adder.
The adder is lightly wounded.
The adder closely misses you.
You closely miss the adder.
The adder is moderately wounded.
The adder bites you but does no damage. The adder closely misses you.
You hit the adder but do no damage.
The adder is moderately wounded.
The adder bites you.
* * * LOW HITPOINT WARNING * * *
You are lethally poisoned!
The adder poisons you!
Unknown command.
Unknown command.
It was a potion of resistance.
You feel protected.
* * * LOW HITPOINT WARNING * * *
You feel sick. The adder bites you.
You die...

# [#∆ ..# ## .#. ..#
.##.##(##..####
.##...........#
.#..####†####.#
.........K>##.#
..............# #
...####....##.####.#
.....##......KgS@..#
##.#.##.#..##.####.#
##.#.##.#..##... ..
##.#.......###### ##
##.#.##....#
...........#
##.#..#.##)#
#.##.#.##.#
#.##.#.####


You could see an adder (poisoned), a goblin and a kobold.

Vanquished Creatures
  An ogre (D:2)
  A worm (D:2)
  A dart slug (D:1)
  2 bats (D:1)
  7 endoplasms
  2 giant cockroaches
  3 goblins (D:1)
  A hobgoblin (D:1)
  2 quokkas (D:1)
  3 ball pythons
  4 frilled lizards
  4 kobolds (D:1)
  4 rats
35 creatures vanquished.

Notes
Turn   | Place    | Note
-------+----------+-------------------------------------------
     0 | D:1      | karrick the Gnoll Fighter began the quest for the Orb.
     0 | D:1      | Reached XP level 1. HP: 23/23 MP: 1/1
   271 | D:1      | Reached XP level 2. HP: 29/29 MP: 2/2
   372 | D:1      | Reached XP level 3. HP: 30/35 MP: 3/3
   853 | D:1      | Found a faded altar of an unknown god.
  1022 | D:2      | Reached skill level 1 in Invocations
  1060 | D:2      | Noticed an ogre
  1071 | D:2      | Killed an ogre
  1072 | D:2      | Reached skill level 1 in Short Blades
  1072 | D:2      | Reached skill level 1 in Long Blades
  1072 | D:2      | Reached skill level 1 in Maces & Flails
  1072 | D:2      | Reached skill level 1 in Polearms
  1072 | D:2      | Reached skill level 1 in Staves
  1072 | D:2      | Reached skill level 1 in Slings
  1072 | D:2      | Reached skill level 1 in Bows
  1072 | D:2      | Reached skill level 1 in Crossbows
  1072 | D:2      | Reached skill level 1 in Throwing
  1072 | D:2      | Reached skill level 1 in Dodging
  1072 | D:2      | Reached skill level 1 in Stealth
  1072 | D:2      | Reached skill level 1 in Unarmed Combat
  1072 | D:2      | Reached skill level 1 in Spellcasting
  1072 | D:2      | Reached skill level 1 in Conjurations
  1072 | D:2      | Reached skill level 1 in Hexes
  1072 | D:2      | Reached skill level 1 in Summonings
  1072 | D:2      | Reached skill level 1 in Necromancy
  1072 | D:2      | Reached skill level 1 in Translocations
  1072 | D:2      | Reached skill level 1 in Transmutations
  1072 | D:2      | Reached skill level 1 in Fire Magic
  1072 | D:2      | Reached skill level 1 in Ice Magic
  1072 | D:2      | Reached skill level 1 in Air Magic
  1072 | D:2      | Reached skill level 1 in Earth Magic
  1072 | D:2      | Reached skill level 1 in Poison Magic
  1072 | D:2      | Reached skill level 1 in Evocations
  1072 | D:2      | Reached XP level 4. HP: 5/41 MP: 4/6
  1072 | D:2      | Reached XP level 5. HP: 6/47 MP: 4/7
  1084 | D:2      | Slain by an adder

Illustrated notes

Levels and vault maps discovered:
D:1:      amcnicky_arrival_abandoned_market, layout_rooms, serial_forest,
          infiniplex_forest_lined_room_, infiniplex_forest_lined_3,
          infiniplex_forest_straight_4, infiniplex_forest_zigzag_1,
          infiniplex_forest_end_2, infiniplex_forest_clump_medium,
          infiniplex_forest_clump_small, infiniplex_forest_lined_3,
          infiniplex_forest_lined_corner, dilly_ecumenical_altar_fadedgnrine,
          minmay_three_crescents
D:2:      layout_basic, grunt_ministairs_5, minmay_tall_x

Skill      XL: |  1  2  3 |
---------------+----------+-----
Invocations    | 1 |  1.5
Short Blades   | 1 |  1.3
Long Blades    | 1 |  1.3
Maces & Flails | 1 |  1.3
Polearms       | 1 |  1.3
Staves         | 1 |  1.3
Slings         | 1 |  1.3
Bows           | 1 |  1.3
Crossbows      | 1 |  1.3
Throwing       | 1 |  1.3
Dodging        | 1 |  1.3
Stealth        | 1 |  1.3
Unarmed Combat | 1 |  1.3
Spellcasting   | 1 |  1.3
Conjurations   | 1 |  1.1
Hexes          | 1 |  1.1
Summonings     | 1 |  1.1
Necromancy     | 1 |  1.1
Translocations | 1 |  1.1
Transmutations | 1 |  1.1
Fire Magic     | 1 |  1.1
Ice Magic      | 1 |  1.1
Air Magic      | 1 |  1.1
Earth Magic    | 1 |  1.1
Poison Magic   | 1 |  1.1
Evocations     | 1 |  1.3
Fighting       | |  6.6
Axes           | |  4.7
Armour         | |  6.6
Shields        | |  6.6

Action                   |  1- 3 |  4- 6 || total
-------------------------+-------+-------++-------
Melee: War axe           |    44 |       ||    44
       Bite              |     8 |     1 ||     9
       Short sword       |    34 |     7 ||    41
  Use: Potion            |       |     1 ||     1
Armor: Scale mail        |    26 |     4 ||    30
Dodge: Dodged            |    19 |     4 ||    23
Block: Buckler           |    19 |     1 ||    20

Table legend: (Time is in decaauts)
 A = Elapsed time spent in this place.
 B = Non-inter-level travel time spent in this place.
 C = Inter-level travel time spent in this place.
 D = Time resting spent in this place.
 E = Time spent auto-exploring this place.
 F = Levels seen in this place.
 G = Mean time per level.
                   A        B        C        D        E       F      G
               +--------+--------+--------+--------+--------+-----+--------+
         Total |   1098 |   1080 |     18 |      0 |    888 |   2 |  549.0 |
       Dungeon |   1098 |   1080 |     18 |      0 |    888 |   2 |  549.0 |
               +--------+--------+--------+--------+--------+-----+--------+

Top non-repeatable levels by time:
     D:1: 938 daAuts
     D:2: 160 daAuts
